 Dungeon Crawl Stone Soup version 0.29-a0-371-g91724d5b39 (webtiles) character file.

Game seed: 5937770201293574178

697 happo123 the Changer (level 7, 0/81 HPs)
             Began as a Merfolk Transmuter on May 2, 2022.
             Slain by a gnoll
             ... wielding a +0 spear
              (1 damage)
             ... on level 4 of the Dungeon.
             The game lasted 00:35:40 (4871 turns).

happo123 the Changer (Merfolk Transmuter)           Turns: 4871, Time: 00:35:41

Health: 0/81       AC: 23    Str: 11    XL:     7   Next: 65%
Magic:  19/21      EV:  2    Int: 14    God:
Gold:   208        SH:  0    Dex: 14    Spells: 7/13 levels left

rFire   . . .      SeeInvis .   i - +1 mace (protect)
rCold   . . .      Faith    .   E - orb {*Rage}
rNeg    + . .      Spirit   .   (body armour currently unavailable)
rPois   +          Reflect  .   (helmet currently unavailable)
rElec   .          Harm     .   (cloak currently unavailable)
rCorr   .          Rampage  .   (gloves currently unavailable)
Will    .....      Rage     20% (boots currently unavailable)
Stlth   +......... NoTele   +   (no amulet)
HPRegen 0.23/turn               g - ring of magical power
MPRegen 0.17/turn               v - ring of positive energy

@: tree-form, wereblooded
A: stationary, stasis, torment immunity, boosted hp, (nimble swimmer 2),
(mertail)
a: no special abilities


You were on level 4 of the Dungeon.
You were a tree.
You visited 1 branch of the dungeon, and saw 4 of its levels.

You collected 208 gold pieces.

Inventory:

Hand Weapons
 f - a +0 short sword
 i - a +1 mace of protection (weapon)
 u - a +0 short sword of electrocution
 w - a +1 vorpal flail
 A - a +3 quarterstaff of chaos
 B - a +0 dagger of draining
 F - a +1 whip of electrocution
Missiles
 d - 3 boomerangs (quivered)
 H - 4 poisoned darts
Armour
 c - a +0 leather armour (melded)
 h - a +0 cloak (melded)
 p - a +0 helmet (melded)
 r - a +2 pair of gloves of stealth (melded)
 E - an orb of wrath (worn)
Jewellery
 g - a ring of magical power (left branch)
 v - a ring of positive energy (right branch)
 G - a ring of magical power
Wands
 C - a wand of iceblast (9)
Scrolls
 a - a scroll of blinking {unknown}
 l - 3 scrolls of teleportation {unknown}
 m - 3 scrolls of identify {unknown}
 n - 2 scrolls of immolation {unknown}
 o - a scroll of noise {unknown}
 s - a scroll of torment {unknown}
 y - a scroll of summoning {unknown}
Potions
 e - a potion of brilliance {unknown}
 j - a potion of invisibility {unknown}
 k - a potion of degeneration {unknown}
 q - 3 potions of curing {unknown}
 t - a potion of flight {unknown}
 x - a potion of might {unknown}
 z - a potion of haste {unknown}
 D - a potion of cancellation {unknown}


   Skills:
 + Level 4.0 Fighting
 + Level 5.3 Dodging
 + Level 5.1 Unarmed Combat
 + Level 3.7 Spellcasting
 + Level 5.4 Transmutations


You had 7 spell levels left.
You knew the following spells:

 Your Spells              Type           Power      Damage    Failure   Level
a - Beastly Appendage     Tmut           34%        N/A       2%          1
b - Wereblood             Tmut           17%        N/A       3%          2
c - Spider Form           Tmut/Pois      10%        N/A       21%         3

Your spell library contained the following spells:

 Spells                   Type           Power      Damage    Failure   Level
 Animate Skeleton         Necr           4%         N/A       21%         1
 Pain                     Necr           8%         1d4       21%         1
 Vampiric Draining        Necr           2%         2d6       52%         3
 Ice Form                 Ice/Tmut       10%        N/A       54%         4


Dungeon Overview and Level Annotations

Branches:
Dungeon (4/15)
 Temple: D:4-7

Altars:
Zin

Shops:
D:3 =


Innate Abilities, Weirdness & Mutations

You are a tree.
Your roots penetrate the ground, keeping you stationary.
You cannot be teleported.
You are immune to unholy pain and torment.
Your maximum health is greatly increased.
Your equipment is partially melded.
((You are very nimble when in or above water. (Stealth+, EV+, Speed+++)))
((Your lower body shifts to a powerful aquatic tail in water.))


Message History

* * * LOW HITPOINT WARNING * * *
You struggle against the net.
The gnoll hits you from afar with a +0 spear.
* * * LOW HITPOINT WARNING * * *
The gnoll hits you but does no damage.
You struggle against the net.
You recover from your berserk rage.
The gnoll hits you but does no damage.
The gnoll hits you from afar with a +0 spear.
* * * LOW HITPOINT WARNING * * *
You struggle against the net.
The gnoll closely misses you. The gnoll hits you but does no damage.
You rip the net and break free!
The gnoll closely misses you.
The gnoll hits you from afar with a +0 spear.
* * * LOW HITPOINT WARNING * * *
Your horns disappear.
Your +0 helmet unmelds from your body.
You turn into a tree.
Your +0 cloak melds into your body.
Your +0 helmet melds into your body.
Your +2 pair of gloves of stealth melds into your body.
Your +0 leather armour melds into your body.
You feel less stealthy.
Your roots penetrate the ground.
The gnoll hits you but does no damage. x2
You cannot move.
Throw: 3 boomerangs
Press: ? - help, Q - select action, (/) - cycle Shift-Dir - straight line, f - gnoll
Aim: a gnoll, wielding a +0 spear (64% to hit)
You throw a boomerang.
The boomerang hits the gnoll but does no damage.
The gnoll hits you from afar with a +0 spear.
* * * LOW HITPOINT WARNING * * *
The gnoll hits you from afar with a +0 spear.
* * * LOW HITPOINT WARNING * * *
The gnoll hits you but does no damage. x2
Throw: 3 boomerangs
Press: ? - help, Q - select action, (/) - cycle Shift-Dir - straight line, f/p - gnoll
Aim: a gnoll, wielding a +0 spear (64% to hit)
You throw a boomerang. The boomerang hits the gnoll.
The gnoll is moderately wounded.
The gnoll hits you from afar with a +0 spear.
You die...

.....≈≈≈≈≈≈≈≈≈≈≈≈≈≈ ≈≈≈#####≈
#''################## #≈
....#.....).#........ #≈
....#....().'........ #≈
....#########........ ##'##≈
.....#..........##### ....#≈≈
.....'..........# .g...#≈≈
.....#..........########......#≈≈
....#########...♣.gK)$))$..# #≈
....#....)..'.....g))).....# #≈
....#.......#..............# #≈
############################ #≈
≈≈≈≈≈≈≈≈≈≈≈≈≈≈≈≈≈≈≈≈≈≈≈≈≈≈≈#####≈
≈≈≈≈≈≈≈≈≈≈≈≈≈≈≈≈≈≈≈≈≈≈≈≈≈≈≈≈≈≈≈≈≈
≈≈≈≈≈≈≈≈≈≈≈≈≈≈≈≈≈≈≈≈≈≈≈≈≈≈#######
###########################


You could see 2 gnolls and a kobold.

Vanquished Creatures
  A phantom (D:3)
  A kobold brigand (D:4)
  2 scorpions (D:4)
  A hound (D:4)
  2 orc priests
  Crazy Yiuf (D:3)
  2 orc wizards
  Robin (D:2)
  6 adders
  7 gnolls (D:4)
  2 worms (D:2)
  3 dart slugs
  14 orcs
  4 endoplasms
  3 giant cockroaches
  10 goblins
  7 hobgoblins
  3 jackals (D:2)
  28 kobolds
  5 quokkas
  7 ball pythons
  11 bats
  2 frilled lizards (D:1)
  3 rats
126 creatures vanquished.

Vanquished Creatures (others)
  An orc wizard (D:4)
  A plant (D:3)
2 creatures vanquished.

Grand Total: 128 creatures vanquished

Notes
Turn   | Place    | Note
-------+----------+-------------------------------------------
     0 | D:1      | happo123 the Merfolk Transmuter began the quest for the
                  | Orb.
     0 | D:1      | Reached XP level 1. HP: 15/15 MP: 3/3
   490 | D:1      | Reached XP level 2. HP: 8/21 MP: 5/5
  1209 | D:1      | Reached XP level 3. HP: 27/27 MP: 6/6
  1304 | D:1      | Learned a level 2 spell: Wereblood
  1820 | D:2      | Reached XP level 4. HP: 27/33 MP: 7/7
  2170 | D:2      | Noticed Robin
  2183 | D:2      | Killed Robin
  2293 | D:3      | Noticed a phantom
  2360 | D:3      | Killed a phantom
  2361 | D:3      | Reached XP level 5. HP: 26/39 MP: 9/9
  2455 | D:3      | Found a faded altar of an unknown god.
  2459 | D:3      | Found a glowing silver altar of Zin.
  2542 | D:3      | Found Ogirunul's Jewellery Shoppe.
  2969 | D:3      | Reached XP level 6. HP: 45/46 MP: 10/10
  3214 | D:3      | Found a runed translucent door.
  3215 | D:3      | Noticed Crazy Yiuf
  3225 | D:3      | Killed Crazy Yiuf
  3445 | D:3      | Learned a level 3 spell: Spider Form
  4209 | D:4      | Reached XP level 7. HP: 9/52 MP: 12/12
  4510 | D:4      | Reached skill level 5 in Transmutations
  4512 | D:4      | Reached skill level 5 in Dodging
  4576 | D:4      | Reached skill level 5 in Unarmed Combat
  4870 | D:4      | HP: 1/81 [gnoll/+0 spear (4)]
  4871 | D:4      | Slain by a gnoll

Illustrated notes

Levels and vault maps discovered:
D:1:      giann_forest_graveyard, layout_basic, kennysheep_another_room,
          chequers_garden, nicolae_figureground_sparkle
D:2:      layout_loops_ring, minmay_indecisive_spiral, uniq_robin
D:3:      layout_basic, nicolae_overflow_ecumenical_swirl, serial_shops, shop,
          chequers_big_river, grunt_ministairs_13, uniq_crazy_yiuf_cottage
D:4:      minmay_goblin_kobold_castle, layout_basic, minmay_tree_intersection,
          minmay_quadrilaterals

Skill      XL: |  1  2  3  4  5  6  7 |
---------------+----------------------+-----
Dodging        | 3 4 5 |  5.3
Transmutations | 3 4 5 |  5.4
Fighting       | 2 3 4 |  4.0
Unarmed Combat | 4 5 |  5.1
Spellcasting   | 3 |  3.7

Action                   |  1- 3 |  4- 6 |  7- 9 || total
-------------------------+-------+-------+-------++-------
Melee: Unarmed           |    37 |     8 |     9 ||    54
       Headbutt          |     9 |    24 |     8 ||    41
       Short sword       |    31 |       |       ||    31
       Punch             |     2 |     5 |       ||     7
       Mace              |    28 |   154 |    56 ||   238
       Tailslap          |       |       |     1 ||     1
Throw: Boomerang         |    29 |    58 |    13 ||   100
 Cast: Beastly Appendage |    17 |    19 |     6 ||    42
       Wereblood         |     1 |     8 |     4 ||    13
       Spider Form       |       |     1 |     1 ||     2
  Use: Potion            |       |       |     1 ||     1
Armor: Leather armour    |    36 |    89 |    42 ||   167
       Skin              |       |     1 |     4 ||     5
Dodge: Dodged            |    67 |   146 |    95 ||   308

Table legend: (Time is in decaauts)
 A = Elapsed time spent in this place.
 B = Non-inter-level travel time spent in this place.
 C = Inter-level travel time spent in this place.
 D = Time resting spent in this place.
 E = Time spent auto-exploring this place.
 F = Levels seen in this place.
 G = Mean time per level.
                   A        B        C        D        E       F      G
               +--------+--------+--------+--------+--------+-----+--------+
         Total |   4976 |   4433 |    543 |   1292 |   2198 |   4 | 1244.0 |
       Dungeon |   4976 |   4433 |    543 |   1292 |   2198 |   4 | 1244.0 |
               +--------+--------+--------+--------+--------+-----+--------+

Top non-repeatable levels by time:
     D:4: 1474 daAuts
     D:1: 1425 daAuts
     D:3: 1137 daAuts
     D:2: 938 daAuts
